AoeStats
← tomhatherz

African Clearing

510360120Analyzed
2v2 RM · 18h ago on Sep 30, 2026· 51m 58s· 4 players
Game mode
Random Map
Map size
Medium (4 player)
Population
200
Speed
Normal
Resources
Standard
Victory
Conquest
Starting age
Dark Age
Ending age
Imperial Age
RankedLock teamsTeams togetherTeam positionsShared explorationLock speedFull tech treeHidden civsTurbo modeCheats
Victory
Defeat
🇫🇷 Huns · France
1120
+15
🇫🇷 Malians · France
1093
+16
🇬🇧 Lithuanians · United Kingdom
1108
-16
🇬🇧 Turks · United Kingdom
1088
-15
Shambles
7:20 Loom
7:41 Loom
8:07 Loom
9:01 Loom
14:47 Feudal Age
18:18 Castle Age
19:11 Double-Bit Axe
19:47 Horse Collar
32:51 Imperial Age
31:09 Scale Barding Armor
31:48 Bloodlines
32:25 Chain Barding Armor
32:58 Husbandry
34:33 Plate Barding Armor
37:47 Forging
39:07 Iron Casting
43:46 Chemistry
44:34 Cavalier
46:35 Wheelbarrow
45:57 Gold Mining
tomhatherz
8:47 Loom
16:24 Feudal Age
30:39 Fletching
32:57 Castle Age
35:39 Bodkin Arrow
36:00 Double-Bit Axe
39:48 Town Watch
44:39 Wheelbarrow
51:10 Padded Archer Armor
BagroZob
10:29 Loom
12:49 Feudal Age
17:26 Castle Age
15:27 Double-Bit Axe
17:11 Bloodlines
17:39 Scale Barding Armor
28:27 Fletching
30:46 Bodkin Arrow
33:04 Chain Barding Armor
32:45 Padded Archer Armor
32:56 Forging
33:08 Husbandry
37:21 Iron Casting
37:39 Bow Saw
37:11 Horse Collar
37:33 Gold Mining
44:06 Imperial Age
43:18 Masonry
44:01 Marauders
44:01 Town Watch
44:51 Wheelbarrow
44:08 Cavalier
45:28 Plate Barding Armor
45:53 Blast Furnace
46:07 Town Patrol
49:48 Gold Shaft Mining
49:35 Paladin
49:43 Light Cavalry
La Trelle
4:02 Loom
13:50 Feudal Age
15:00 Double-Bit Axe
17:58 Wheelbarrow
17:38 Fletching
23:16 Castle Age
22:55 Padded Archer Armor
23:35 Crossbowman
24:21 Thumb Ring
28:25 Forging
29:01 Scale Mail Armor
28:57 Gold Mining
28:43 Man-at-Arms
29:25 Squires
29:13 Arson
29:58 Long Swordsman
30:56 Leather Archer Armor
33:41 Bodkin Arrow
35:25 Pikeman
36:54 Horse Collar
38:08 Chain Mail Armor
39:25 Town Watch
43:10 Bow Saw
46:22 Imperial Age
46:40 Iron Casting
47:41 Scale Barding Armor
51:36 Farimba
Connection lost

Rejoining the realm…

Still unreachable

The connection could not be restored.

Session expired

The server has moved on; the page needs a fresh start.